Map: Catalyst LE

Players

MediamanoEZ

  • Race: Protoss Protoss
  • Spawn Location: 5:00

Majestic - Winner!

  • Race: Protoss Protoss
  • Spawn Location: 11:00

Event: WCS Valencia 2018

VOD

Have the link to the VOD?

Description

Time

  • Played on: July 12, 2018, 7:07 a.m.
  • Length: 4:57

All games in this series

Show
View Real Time Build Order
Export as new Build Order

MediamanoEZ Protoss 

Build Orders:  

Get SALT Encoding   

  12  0:01  Probe  
  13  0:13  Probe  
  14  0:17  Pylon  
  14  0:24  Probe  
  15  0:32  Probe  
  15  0:40  Gateway, Probe  
  17  0:55  Probe  
  18  1:00  Assimilator  
  18  1:04  Assimilator  
  18  1:08  Probe  
  19  1:11  Gateway  
  19  1:20  Probe  
  20  1:32  Cybernetics Core  
  20  1:33  Probe  
  21  1:40  Pylon  
  21  1:41  Probe  
  21  1:44  Pylon  
  22  1:50  Probe  
  23  2:02  Probe  
  24  2:09  Robotics Facility  
  24  2:15  Warp Gate  
  24  2:19  Adept  
  26  2:24  Adept  
  26  2:28  Probe  
  29  2:36  Pylon  
  29  2:45  Gateway  
  29  2:57  Adept x2  
  34  3:06  Warp Prism  
  34  3:12  Gateway  
  35  3:41  Immortal  
  39  4:25  Pylon  
  39  4:26  Pylon  
  39  4:30  Pylon  
  38  4:42  Pylon  
Show
View Real Time Build Order
Export as new Build Order

Majestic Protoss - Winner!

Build Orders:  

Get SALT Encoding   

  12  0:00  Probe  
  13  0:12  Probe  
  14  0:18  Pylon  
  14  0:22  Probe  
  15  0:32  Probe  
  15  0:39  Gateway  
  15  0:40  Probe  
  16  0:49  Assimilator  
  17  0:53  Probe  
  17  0:57  Assimilator  
  18  1:05  Probe  
  19  1:13  Gateway  
  19  1:17  Probe  
  20  1:27  Cybernetics Core  
  20  1:29  Probe  
  21  1:35  Pylon  
  21  1:41  Probe  
  22  1:53  Stalker, Probe  
  23  1:54  Stalker  
  23  1:57  Warp Gate  
  23  2:05  Probe  
  28  2:15  Pylon  
  28  2:29  Stalker  
  30  2:33  Stalker  
  32  2:38  Pylon  
  32  2:52  Probe  
  33  3:00  Stalker  
  33  3:01  Pylon  
  33  3:04  Stalker  
  37  3:11  Shield Battery  
  37  3:25  Gateway  
  37  3:31  Pylon  
  37  3:50  Shield Battery  
  37  3:52  Pylon  
  36  3:56  Gateway  
  36  4:02  Stalker  
  36  4:03  Sentry  
  40  4:20  Pylon  
  40  4:23  Stalker  
  42  4:26  Stalker  
  44  4:34  Stalker  
  46  4:40  Shield Battery  
  46  4:53  Stalker  
  46  4:55  Stalker  
Tags
 
Add a new tag
Caveats
  • Supply blocks, unpowered buildings, or Contaminate may cause inaccurate times.
  • Supply counts are checked every 10 seconds.